 Dungeon Crawl Stone Soup version 0.26-a0-1058-g8dc6ce00ff (webtiles) character file.

Game seed: 2315723416659945766

128 Conn the Magician (level 4, -2/24 HPs)
             Began as a Deep Elf Fire Elementalist on Dec 13, 2020.
             Killed from afar by Blork the orc (6 damage)
             ... with a puff of frost
             ... on level 4 of the Dungeon.
             The game lasted 00:04:25 (2056 turns).

Conn the Magician (Deep Elf Fire Elementalist)      Turns: 2056, Time: 00:04:26

Health: -2/24      AC:  2    Str:  5    XL:     4   Next: 86%
Magic:  12/12      EV: 13    Int: 21    God:
Gold:   32         SH:  0    Dex: 15    Spells: 11/12 levels left

rFire    . . .     SeeInvis .   e - +2 spear (venom)
rCold    . . .     Faith    .   (no shield)
rNeg     . . .     Spirit   .   a - +0 robe
rPois    +         Reflect  .   (no helmet)
rElec    .         Harm     .   (no cloak)
rCorr    .         Rampage  .   (no gloves)
Will     +....                  (no boots)
Stlth    ++........             (no amulet)
HPRegen  0.08/turn              (no ring)
MPRegen  0.13/turn              (no ring)

@: brilliant, hasted, very quick
A: strong-willed 1, poison resistance, evolution 1
a: no special abilities


You were on level 4 of the Dungeon.
You visited 1 branch of the dungeon, and saw 4 of its levels.

You collected 32 gold pieces.

Inventory:

Hand Weapons
 c - a +0 short sword
 e - a +2 spear of venom (weapon)
Missiles
 g - 9 poisoned darts (quivered)
Armour
 a - a +0 robe (worn)


   Skills:
 + Level 0.3 Polearms
 + Level 2.9 Dodging
 + Level 2.9 Stealth
 + Level 4.8 Spellcasting
 + Level 2.0 Conjurations
 + Level 4.3 Fire Magic


You had 11 spell levels left.
You knew the following spells:

 Your Spells              Type           Power        Failure   Level
a - Foxfire               Conj/Fire      ####         3%          1

Your spell library contained the following spells:

 Spells                   Type           Power        Failure   Level
 Conjure Flame            Conj/Fire      ####....     9%          3
 Inner Flame              Hex/Fire       ###.....     14%         3
 Sticky Flame             Conj/Fire      ####....     30%         4
 Fireball                 Conj/Fire      ####......   63%         5


Dungeon Overview and Level Annotations

Branches:
Dungeon (4/15)
 Temple: D:4-7

Altars:

Annotations:
D:2 Robin
D:4 Blork the orc


Innate Abilities, Weirdness & Mutations

You are strong-willed. (Will+)
Your system is resistant to poisons. (rPois)
You evolve.


Message History

It was a potion of haste.
You feel yourself speed up.
Blork the orc zaps a wand.
The puff of flame hits you!
* * * LOW HITPOINT WARNING * * *
It was a potion of brilliance.
You feel clever all of a sudden. Blork the orc casts a spell at you.
The puff of frost hits you.
* * * LOW HITPOINT WARNING * * *
You aren't carrying any potions.
You aren't carrying any potions.
You aren't carrying any scrolls.
Reach: e) +2 spear (venom)
Press: ? - help, Dir - move target, f/p - Blork the orc
Aim: Blork the orc, wielding a +0 short sword, wearing a +2 robe of resistance and carrying a wand of flame (15) (heavily wounded, extremely poisoned)
You reach to attack!
You hit Blork the orc.
Blork the orc looks as sick as possible!
Blork the orc is heavily wounded.
Blork the orc points at you and mumbles some strange words.
The puff of frost hits you.
You die...

#.. #.####### #.#
#.......# #.#
#######.# #.#
#.###.#####.#
#.####.<††........
#.........o.###
#########.#.#
#@#o# #.#.# #.#.#
#.#.# #.#.# #.#.#
... #.#


You could see Blork the orc (extremely poisoned).

Vanquished Creatures
  Terence (D:2)
  A worker ant (D:4)
  A gnoll (D:1)
  3 adders
  A dart slug (D:2)
  A leopard gecko (D:1)
  An orc (D:3)
  A giant cockroach (D:1)
  2 goblins (D:3)
  4 hobgoblins
  6 jackals (D:1)
  A quokka (D:2)
  A ball python (D:1)
  6 bats (D:1)
  3 frilled lizards
  5 kobolds
  4 rats
42 creatures vanquished.

Vanquished Creatures (others)
  129 foxfires
129 creatures vanquished.

Grand Total: 171 creatures vanquished

Notes
Turn   | Place    | Note
-------+----------+-------------------------------------------
     0 | D:1      | Conn the Deep Elf Fire Elementalist began the quest for the
                  | Orb.
     0 | D:1      | Reached XP level 1. HP: 10/10 MP: 6/6
   314 | D:1      | Reached XP level 2. HP: 15/15 MP: 5/8
   801 | D:1      | Reached XP level 3. HP: 8/19 MP: 10/10
  1426 | D:2      | Noticed Terence
  1438 | D:2      | Noticed Robin
  1442 | D:2      | Killed Terence
  1443 | D:2      | Reached XP level 4. HP: 8/24 MP: 10/12
  2043 | D:4      | Noticed Blork the orc
  2049 | D:4      | Gained mutation: You evolve. [potion of mutation]
  2049 | D:4      | Gained mutation: Your system is resistant to poisons.
                  | (rPois) [potion of mutation]
  2049 | D:4      | Gained mutation: You are strong-willed. (Will+) [potion of
                  | mutation]
  2056 | D:4      | Killed from afar by Blork the orc

Illustrated notes

Levels and vault maps discovered:
D:1:      dpeg_arrival_three_bigger_balls, layout_basic
D:2:      layout_loops_ring, chequers_ecumenical_altar_simple_redux,
          uniq_natasha, uniq_terence, uniq_robin
D:3:      layout_basic
D:4:      layout_loops_ring, ebering_ghost_inner_flame, uniq_blork_the_orc,
          uniq_grinder, uniq_eustachio

Skill      XL: |  1  2  3  4 |
---------------+-------------+-----
Spellcasting   | 4 |  4.8
Fire Magic     | 4 |  4.3
Conjurations   | 2 |  2.0
Polearms       | |  0.3
Dodging        | |  2.9
Stealth        | |  2.9

Action                   |  1- 3 |  4- 6 || total
-------------------------+-------+-------++-------
Melee: Spear             |     6 |     9 ||    15
 Cast: Foxfire           |    58 |    14 ||    72
  Use: Potion            |       |     4 ||     4
Armor: Robe              |     3 |     1 ||     4
Dodge: Dodged            |    30 |     5 ||    35

Table legend: (Time is in decaauts)
 A = Elapsed time spent in this place.
 B = Non-inter-level travel time spent in this place.
 C = Inter-level travel time spent in this place.
 D = Time resting spent in this place.
 E = Time spent auto-exploring this place.
 F = Levels seen in this place.
 G = Mean time per level.
                   A        B        C        D        E       F      G
               +--------+--------+--------+--------+--------+-----+--------+
         Total |   2055 |   2033 |     22 |    602 |    996 |   4 |  513.8 |
       Dungeon |   2055 |   2033 |     22 |    602 |    996 |   4 |  513.8 |
               +--------+--------+--------+--------+--------+-----+--------+

Top non-repeatable levels by time:
     D:1: 1192 daAuts
     D:3: 379 daAuts
     D:2: 259 daAuts
     D:4: 224 daAuts
